 Dungeon Crawl Stone Soup version 0.26-a0-497-g0187308201 (webtiles) character file.

Game seed: 18315744943561229170

1067 Murumi the Skirmisher (level 7, -1/59 HPs)
             Began as a Demigod Transmuter on Aug 6, 2020.
             Shot with an arrow by a centaur (4 damage)
             ... on level 6 of the Dungeon.
             The game lasted 00:20:30 (6983 turns).

Murumi the Skirmisher (Demigod Transmuter)          Turns: 6983, Time: 00:20:30

Health: -1/59      AC:  4    Str: 17    XL:     7   Next: 79%
Magic:  14/15      EV: 14    Int: 17    God:
Gold:   365        SH:  0    Dex: 16    Spells: 10/13 levels left

rFire    . . .     SeeInvis .     - Unarmed
rCold    . . .     Faith    .   (no shield)
rNeg     + . .     Spirit   .   c - +0 leather armour
rPois    .         Reflect  .   (helmet currently unavailable)
rElec    .         Harm     .   h - +0 cloak
rCorr    .                      (no gloves)
MR       .....                  (boots currently unavailable)
Stlth    +.........             (no amulet)
HPRegen  0.19/turn              j - ring of positive energy
MPRegen  0.14/turn              (no ring)

@: appendages
A: horns 2, talons 2, high mp 1
a: End Transformation


You were on level 6 of the Dungeon.
You had grown temporary horns.
You had grown temporary talons.
You visited 1 branch of the dungeon, and saw 6 of its levels.

You collected 365 gold pieces.

Inventory:

Armour
 c - a +0 leather armour (worn)
 h - a +0 cloak (worn)
Jewellery
 j - a ring of positive energy (left hand)
Wands
 k - a wand of random effects (8)
Scrolls
 d - a scroll of enchant weapon
 g - 5 scrolls of identify
 i - 2 scrolls of remove curse
Potions
 a - a potion of resistance
 b - 2 potions of haste
 e - 3 potions of might
 f - a potion of ambrosia


   Skills:
 - Level 4.0 Fighting
 - Level 2.0 Armour
 - Level 4.0 Dodging
 - Level 4.0 Unarmed Combat
 + Level 3.5 Spellcasting
 - Level 4.0 Transmutations
 - Level 2.0 Evocations


You had 10 spell levels left.
You knew the following spells:

 Your Spells              Type           Power        Failure   Level
a - Beastly Appendage     Tmut           ###...       3%          1
b - Wereblood             Tmut           ###.....     6%          2

Your spell library contained the following spells:

 Spells                   Type           Power        Failure   Level
 Passwall                 Tmut/Erth      #.......     13%         2
 Spider Form              Tmut/Pois      #.........   26%         3
 Swiftness                Air            #.......     30%         2
 Ice Form                 Ice/Tmut       #.......     65%         4
 Blade Hands              Tmut           ###.......   71%         5
 Passage of Golubria      Tloc           N/A          89%         4
 Lee's Rapid Deconstruct  Erth           #.........   99%         5
 Invisibility             Hex            #.......     100%        6


Dungeon Overview and Level Annotations

Branches:
Dungeon (6/15)
 Temple: D:4-7

Annotations:
D:3 2 transporters, loom's ghost, amateur MfTm


Innate Abilities, Weirdness & Mutations

You have an increased reservoir of magic. (+10% MP)
You have a pair of horns on your head.
You have razor-sharp toenails.


Message History

You extend your transformation's duration.
The quokka misses you.
You are too injured to fight recklessly!
You hit the quokka. Your headbutt misses the quokka.
The quokka is almost dead.
The quokka barely misses you.
You hit the quokka.
You kill the quokka!
You hit the orc.
The orc is moderately wounded.
You barely miss the orc. Your kick misses the orc.
The orc is moderately wounded.
The orc hits you with a +2 hand axe of distortion.
* * * LOW HITPOINT WARNING * * *
Space bends around you.
* * * LOW HITPOINT WARNING * * *
You hit the orc.
You kill the orc!
The centaur shoots an arrow.
The arrow hits you.
You die...

..# ..# #o#.##.$# # ..#
o..c...#. #.
#.#.#.......#. .
............. .
#.#.........# #.
#.#.........###.##
###.####@#....o##........
.....##)##...(##.#
#.#.##c###.#.##(#
#......o.o..c.(.#
###.######.###### #.# #.#
#############.# #.#
..............# #.#
..############# #.#


You could see a centaur and an orc.

Vanquished Creatures
  Edmund (D:6)
  An ogre (D:5)
  A centaur (D:6)
  A scorpion (D:5)
  2 howler monkeys (D:5)
  2 hounds
  A bullfrog skeleton (D:5)
  A centaur skeleton (D:5)
  8 orc wizards
  An iguana (D:6)
  4 worker ants
  A hound skeleton (D:5)
  A worker ant zombie (D:5)
  4 gnolls
  7 adders
  A worm (D:4)
  A dart slug (D:1)
  2 leopard geckos
  12 orcs
  4 bats
  4 giant cockroaches
  4 hobgoblins
  3 quokkas
  3 frilled lizards
  7 goblins
  6 kobolds
  A leopard gecko skeleton (D:5)
  6 rats
90 creatures vanquished.

Notes
Turn   | Place    | Note
-------+----------+-------------------------------------------
     0 | D:1      | Murumi the Demigod Transmuter began the quest for the Orb.
     0 | D:1      | Reached XP level 1. HP: 15/15 MP: 5/5
   266 | D:1      | Reached skill level 1 in Fighting
   360 | D:1      | Reached XP level 2. HP: 23/23 MP: 5/7
   910 | D:2      | Found a burning altar of Makhleb.
   928 | D:2      | Reached skill level 1 in Armour
   928 | D:2      | Reached XP level 3. HP: 9/29 MP: 6/8
  1395 | D:2      | Found a bloodstained altar of Trog.
  1395 | D:2      | Found a hazy altar of Hepliaklqana.
  2086 | D:3      | Found a transporter.
  2088 | D:3      | Noticed loom's ghost (amateur MfTm)
  2117 | D:3      | Identified the cursed +1 dire flail of the Heavens
                  | {antimagic, +Rage rPois rC+ Str+3}
  2117 | D:3      | Noticed an ogre
  2117 | D:3      | Noticed an ogre
  2125 | D:3      | Found a transporter.
  2136 | D:3      | Reached XP level 4. HP: 37/37 MP: 7/9
  2813 | D:3      | Found a sacrificial altar of Ru.
  3664 | D:4      | Reached XP level 5. HP: 45/45 MP: 8/10
  4364 | D:4      | You fall into a shaft and drop 1 floor!
  4364 | D:5      | Entered Level 5 of the Dungeon
  4364 | D:5      | Found an ancient bone altar of Kikubaaqudgha.
  4365 | D:5      | Noticed an ogre
  4374 | D:5      | Killed an ogre
  4384 | D:5      | Reached skill level 1 in Evocations
  4384 | D:5      | Reached XP level 6. HP: 13/51 MP: 11/13
  4581 | D:5      | Learned a level 2 spell: Wereblood
  4589 | D:5      | Found a glowing golden altar of the Shining One.
  5079 | D:5      | Found an ornate altar of the Wu Jian Council.
  5251 | D:5      | Found a shimmering blue altar of Sif Muna.
  5288 | D:5      | Reached XP level 7. HP: 14/59 MP: 12/14
  5808 | D:5      | Found a hazy altar of Hepliaklqana.
  6275 | D:6      | Noticed Edmund
  6295 | D:6      | Killed Edmund
  6914 | D:6      | Found a sacrificial altar of Ru.
  6983 | D:6      | Shot with an arrow by a centaur

Illustrated notes

Levels and vault maps discovered:
D:1:      dpeg_arrival_rooms_a, layout_basic, minmay_misc_feat_ornament,
          hex_intersection, minmay_unequal
D:2:      layout_rooms, gammafunk_temple_overflow_elements,
          makhleb_heckhound_becter
D:3:      layout_loops_corners, lemuel_round_altar, gammafunk_ghost_smash
D:4:      layout_rooms
D:5:      layout_layer_cave, kiku_gazebo_garden_becter,
          nicolae_overflow_crystal_walls, overflow_temple_1_default,
          lemuel_round_altar, basic_altar
D:6:      layout_loops_ring, serial_shops, shop, nicolae_ru_path_of_blood,
          uniq_sigmund, uniq_pikel, uniq_edmund

Skill      XL: |  1  2  3  4  5  6  7 |
---------------+----------------------+-----
Dodging        | 2 3 4 |  4.0
Transmutations | 2 3 4 |  4.0
Spellcasting   | 2 3 |  3.5
Fighting       | 1 2 3 4 |  4.0
Unarmed Combat | 3 4 |  4.0
Armour         | 1 2 |  2.0
Evocations     | 1 2 |  2.0

Action                   |  1- 3 |  4- 6 |  7- 9 || total
-------------------------+-------+-------+-------++-------
Melee: Unarmed           |    76 |   179 |    63 ||   318
       Kick              |    20 |    58 |    26 ||   104
       Headbutt          |     8 |    38 |    17 ||    63
       Punch             |     3 |     1 |       ||     4
 Cast: Beastly Appendage |    20 |    30 |    10 ||    60
       Wereblood         |       |     1 |     2 ||     3
Evoke: Wand              |       |     3 |       ||     3
  Use: Scroll            |    10 |     4 |     2 ||    16
       Potion            |     1 |     1 |       ||     2
 Stab: Sleeping          |     1 |     1 |       ||     2
Armor: Robe              |    11 |       |       ||    11
       Leather armour    |     2 |    24 |     6 ||    32
Dodge: Dodged            |    55 |   103 |    27 ||   185

Table legend: (Time is in decaauts)
 A = Elapsed time spent in this place.
 B = Non-inter-level travel time spent in this place.
 C = Inter-level travel time spent in this place.
 D = Time resting spent in this place.
 E = Time spent auto-exploring this place.
 F = Levels seen in this place.
 G = Mean time per level.
                   A        B        C        D        E       F      G
               +--------+--------+--------+--------+--------+-----+--------+
         Total |   6971 |   6595 |    376 |    330 |   5453 |   6 | 1161.8 |
       Dungeon |   6971 |   6595 |    376 |    330 |   5453 |   6 | 1161.8 |
               +--------+--------+--------+--------+--------+-----+--------+

Top non-repeatable levels by time:
     D:5: 1861 daAuts
     D:3: 1761 daAuts
     D:2: 974 daAuts
     D:1: 905 daAuts
     D:4: 786 daAuts
     D:6: 682 daAuts
